 Dungeon Crawl Stone Soup version 0.29.0-4-gdea44cf6ec (webtiles) character file.

Game seed: 894666506894013637

355 qw the Chopper (level 6, -2/35 HPs)
             Began as a Tengu Warper on Aug 28, 2022.
             Slain by an orc priest
             ... wielding a +0 falchion
              (4 damage)
             ... on level 4 of the Dungeon.
             The game lasted 00:00:23 (4639 turns).

qw the Chopper (Tengu Warper)                       Turns: 4639, Time: 00:00:24

Health: -2/35      AC: 11    Str: 13    XL:     6   Next: 63%
Magic:  10/10      EV:  5    Int: 13    God:
Gold:   73         SH:  0    Dex: 14    Spells: 9/9 levels left

rFire   . . .      SeeInvis .   Y - +0 war axe
rCold   . . .      Faith    .   (no shield)
rNeg    . . .      Spirit   .   f - +0 plate armour
rPois   .          Reflect  .   (helmet restricted)
rElec   .          Harm     .   (no cloak)
rCorr   .          Rampage  .   (no gloves)
Will    .....                   (boots unavailable)
Stlth   ..........              (no amulet)
HPRegen 0.11/turn               (no ring)
MPRegen 0.12/turn               (no ring)

@: about to teleport, weak-willed, flying quickly and evasively, quick
A: beak, talons 3, nimble flight
a: no special abilities


You were on level 4 of the Dungeon.
You visited 1 branch of the dungeon, and saw 4 of its levels.
You also visited: Sewer.

You collected 145 gold pieces.
You spent 72 gold pieces at shops.


Innate Abilities, Weirdness & Mutations

You have a beak for a mouth.
You have claws for feet.
Your magical nature lets you fly swiftly and evasively.


   Skills:
 - Level 2.0 Fighting
 - Level 7.0 Axes
 - Level 1.0 Throwing
 + Level 2.8 Armour
 - Level 2.1 Dodging
 - Level 2.0 Spellcasting
 - Level 2.4 Translocations


You had 9 spell levels left.
You didn't know any spells.
Your spell library contained the following spells:

 Spells                   Type           Power      Damage    Failure   Level
 Blink                    Tloc           14%        N/A       100%        2
 Gell's Gravitas          Tloc           7%         N/A       100%        3
 Lesser Beckoning         Tloc           7%         N/A       100%        3
 Teleport Other           Tloc           7%         N/A       100%        3
 Manifold Assault         Tloc           7%         N/A       100%        5

Inventory:

Hand Weapons
 d - a +0 whip
 Y - a +0 war axe (weapon)
Armour
 f - a +0 plate armour (worn)
Jewellery
 m - a ring of ice
Scrolls
 c - a scroll of identify
Potions
 a - a potion of might {unknown}
 e - a potion of resistance {unknown}
 g - a potion of cancellation {unknown}
 h - a potion of brilliance {unknown}
 i - a potion of heal wounds {unknown}
 j - a potion of haste {unknown}
 l - 3 potions of curing
 o - a potion of ambrosia {unknown}

Dungeon Overview and Level Annotations

Branches:
Dungeon (4/15)              Sewer (visited)
 Temple: D:4-7

Altars:
Dithmenos

Shops:
D:2 [   D:3 !


Message History

You closely miss the goblin. You peck the goblin.
You kill the goblin! 2 orcs come into view.
Found a robe.
The orc shouts! x2; You hear a shout!
The orc moves out of view.
An orc priest comes into view. It is wielding a +0 falchion.
4627 ||| Stepping ~*~*~tactically~*~*~ (hiding).
You hit the orc. You peck the orc.
The orc is almost dead.
The orc completely misses you.
You slash the orc!
You kill the orc!
4630 ||| Stepping ~*~*~tactically~*~*~ (hiding).
4631 ||| Stepping ~*~*~tactically~*~*~ (hiding).
You slash the orc!
You kill the orc!
You see here a +0 whip.
You hit the orc priest but do no damage.
You claw the orc priest, but do no damage.
You peck the orc priest, but do no damage.
The orc priest hits you with a +0 falchion.
You barely miss the orc priest. Your kick misses the orc priest.
The orc priest hits you with a +0 falchion! x2
You closely miss the orc priest. Your kick misses the orc priest.
The orc priest hits you with a +0 falchion.
You hit the orc priest but do no damage.
You claw the orc priest, but do no damage.
Your peck misses the orc priest.
The orc priest hits you but does no damage.
You barely miss the orc priest. You claw the orc priest.
Your peck misses the orc priest.
The orc priest is lightly wounded.
The orc priest invokes the aid of Beogh against you.
Pain shoots through your body!
4639 ||| READING scroll of teleportation.
As you read the scroll of teleportation, it crumbles to dust.
You feel strangely unstable.
The orc priest hits you with a +0 falchion.
You die...

.... .. ..... ..##
.... ... ...# #.##
. #..## ##...#...
##...+##......o.
##.#.....#))# .#
..........o#...##
.......<..@#....#
..............#....
....##.......## ..#
#.......##...# ..
.. .....#....# [
............#
......###....
........ .....
.....#


You could see an orc priest.

Vanquished Creatures
  A kobold brigand (Sewer)
  An iguana (D:3)
  An orc wizard (D:3)
  8 adders
  5 river rats (Sewer)
  4 worms
  A dart slug (D:1)
  7 orcs
  7 ball pythons
  10 endoplasms
  A giant cockroach (D:3)
  7 hobgoblins
  8 jackals
  5 kobolds
  2 quokkas
  6 bats
  9 frilled lizards
  9 goblins
  9 rats
101 creatures vanquished.

Vanquished Creatures (others)
  14 plants (Sewer)
14 creatures vanquished.

Grand Total: 115 creatures vanquished

Notes
Turn   | Place    | Note
-------+----------+-------------------------------------------
     0 | D:1      | qw the Tengu Warper began the quest for the Orb.
     0 | D:1      | Reached XP level 1. HP: 12/12 MP: 4/4
     0 | D:1      | 0 ||| qw: Version: 0.1-a-89-g26bdef1
     0 | D:1      | 0 ||| qw: Game counter: 1698
     0 | D:1      | 0 ||| qw: Always use a shield: true
     0 | D:1      | 0 ||| qw: God list: Okawaru
     0 | D:1      | 0 ||| qw: Allow faded altars: false
     0 | D:1      | 0 ||| qw: Do Orc after D:15 true
     0 | D:1      | 0 ||| qw: Do second Lair branch before Depths: true
     0 | D:1      | 0 ||| qw: Lair rune preference: random
     0 | D:1      | 0 ||| qw: Plans: Normal
     0 | D:1      | 0 ||| PLANNING D:1-11
   102 | D:1      | 102 ||| Stepping ~*~*~tactically~*~*~ (stealth).
   104 | D:1      | 104 ||| Stepping ~*~*~tactically~*~*~ (stealth).
   108 | D:1      | 108 ||| Stepping ~*~*~tactically~*~*~ (stealth).
   110 | D:1      | 110 ||| Stepping ~*~*~tactically~*~*~ (stealth).
   114 | D:1      | 114 ||| Stepping ~*~*~tactically~*~*~ (stealth).
   115 | D:1      | 115 ||| Stepping ~*~*~tactically~*~*~ (stealth).
   118 | D:1      | 118 ||| Stepping ~*~*~tactically~*~*~ (stealth).
   120 | D:1      | 120 ||| Stepping ~*~*~tactically~*~*~ (stealth).
   121 | D:1      | 121 ||| Stepping ~*~*~tactically~*~*~ (stealth).
   122 | D:1      | 122 ||| Stepping ~*~*~tactically~*~*~ (stealth).
   125 | D:1      | 125 ||| Stepping ~*~*~tactically~*~*~ (stealth).
   126 | D:1      | 126 ||| Stepping ~*~*~tactically~*~*~ (stealth).
   127 | D:1      | 127 ||| Stepping ~*~*~tactically~*~*~ (stealth).
   129 | D:1      | 129 ||| Stepping ~*~*~tactically~*~*~ (stealth).
   134 | D:1      | Reached XP level 2. HP: 13/17 MP: 6/6
   150 | D:1      | Reached skill level 3 in Axes
   318 | D:1      | 318 ||| Stepping ~*~*~tactically~*~*~ (hiding).
   530 | D:1      | Found a faded altar of an unknown god.
   945 | D:1      | Reached XP level 3. HP: 21/21 MP: 7/7
   958 | D:1      | 958 ||| Stepping ~*~*~tactically~*~*~ (stealth).
  1186 | D:1      | 1186 ||| UPGRADING to +0 plate armour.
  1196 | D:1      | 1196 ||| DROPPING +0 leather armour.
  1197 | D:1      | 1197 ||| READING scroll labelled TAETTA TUUCYT.
  1198 | D:1      | 1198 ||| READING scroll labelled MESETA RESTIA.
  1199 | D:1      | 1199 ||| DROPPING scroll of blinking.
  1306 | D:2      | 1306 ||| Stepping ~*~*~tactically~*~*~ (stealth).
  1312 | D:2      | Reached skill level 4 in Axes
  1316 | D:2      | 1316 ||| Stepping ~*~*~tactically~*~*~ (stealth).
  1317 | D:2      | 1317 ||| Stepping ~*~*~tactically~*~*~ (stealth).
  1320 | D:2      | 1320 ||| Stepping ~*~*~tactically~*~*~ (stealth).
  1321 | D:2      | 1321 ||| Stepping ~*~*~tactically~*~*~ (stealth).
  1514 | D:2      | Found Meisch's Antique Armour Emporium.
  1526 | D:2      | 1526 ||| SHOPLISTING glowing gold dragon scales (1992 gold,
                  | have 58).
  1526 | D:2      | 1526 ||| SHOPLISTING shiny plate armour (624 gold, have
                  | 58).
  1572 | D:2      | Identified the +2 short sword of the Eleven Nights {spect,
                  | +Blink}
  1686 | D:2      | Reached XP level 4. HP: 26/26 MP: 8/8
  1688 | D:2      | 1688 ||| Stepping ~*~*~tactically~*~*~ (stealth).
  1690 | D:2      | 1690 ||| Stepping ~*~*~tactically~*~*~ (stealth).
  1693 | D:2      | 1693 ||| Stepping ~*~*~tactically~*~*~ (stealth).
  2058 | D:2      | 2058 ||| Stepping ~*~*~tactically~*~*~ (stealth).
  2059 | D:2      | 2059 ||| Stepping ~*~*~tactically~*~*~ (stealth).
  2061 | D:2      | 2061 ||| Stepping ~*~*~tactically~*~*~ (stealth).
  2063 | D:2      | 2063 ||| Stepping ~*~*~tactically~*~*~ (stealth).
  2069 | D:2      | 2069 ||| DROPPING +0 club.
  2156 | D:2      | 2156 ||| READING scroll labelled ZARET UZUEGG.
  2157 | D:2      | 2157 ||| READING scroll labelled FEPHEFREYRO.
  2158 | D:2      | 2158 ||| READING scroll labelled VOGYDY GOTS.
  2161 | D:2      | 2161 ||| READING scroll labelled ANGYLIUHEA.
  2198 | D:3      | 2198 ||| PLANNING SEWER
  2285 | D:3      | 2285 ||| Stepping ~*~*~tactically~*~*~ (stealth).
  2287 | D:3      | 2287 ||| Stepping ~*~*~tactically~*~*~ (hiding).
  2288 | D:3      | 2288 ||| Stepping ~*~*~tactically~*~*~ (hiding).
  2300 | D:3      | Reached skill level 5 in Axes
  2308 | D:3      | Gained mutation: Your magical nature lets you fly swiftly
                  | and evasively. [Tengu growth]
  2308 | D:3      | Reached XP level 5. HP: 18/30 MP: 9/9
  2438 | D:3      | 2438 ||| Stepping ~*~*~tactically~*~*~ (stealth).
  2439 | D:3      | 2439 ||| SWAPPING to +0 war axe.
  2440 | D:3      | 2440 ||| DROPPING +0 vorpal hand axe.
  2531 | D:3      | Found a glowing drain.
  2532 | D:3      | 2532 ||| READING 2 scrolls labelled SINYFA LAEGH.
  2533 | D:3      | 2533 ||| DRINKING 2 ruby potions.
  2548 | Sewer    | Entered a sewer
  2553 | Sewer    | Noticed a kobold brigand
  2566 | Sewer    | Killed a kobold brigand
  2567 | Sewer    | Reached skill level 6 in Axes
  2568 | Sewer    | 2568 ||| Stepping ~*~*~tactically~*~*~ (stealth).
  2576 | Sewer    | 2576 ||| Stepping ~*~*~tactically~*~*~ (stealth).
  2584 | Sewer    | 2584 ||| Stepping ~*~*~tactically~*~*~ (stealth).
  2792 | Sewer    | Reached XP level 6. HP: 28/35 MP: 10/10
  3320 | Sewer    | 3320 ||| Stepping ~*~*~tactically~*~*~ (stealth).
  3495 | Sewer    | 3495 ||| Stepping ~*~*~tactically~*~*~ (stealth).
  3766 | Sewer    | 3766 ||| DRINKING 2 golden potions.
  3767 | Sewer    | 3767 ||| DROPPING potion of invisibility.
  3781 | D:3      | 3781 ||| PLANNING D:1-11
  3802 | D:3      | 3802 ||| Stepping ~*~*~tactically~*~*~ (stealth).
  3803 | D:3      | 3803 ||| Stepping ~*~*~tactically~*~*~ (stealth).
  3829 | D:3      | Found a shadowy altar of Dithmenos.
  3868 | D:3      | Reached skill level 7 in Axes
  4160 | D:3      | Found Weheiclu's Distillery.
  4180 | D:3      | 4180 ||| BUYING potion of curing (36 gold).
  4180 | D:3      | Bought a potion of curing for 36 gold pieces
  4180 | D:3      | 4180 ||| BUYING potion of curing (36 gold).
  4180 | D:3      | Bought a potion of curing for 36 gold pieces
  4180 | D:3      | 4180 ||| SHOPLISTING potion of heal wounds (60 gold, have
                  | 53).
  4603 | D:3      | 4603 ||| READING scroll labelled ZUSUUBYTET.
  4608 | D:4      | 4608 ||| PLANNING OSSUARY
  4617 | D:4      | 4617 ||| Stepping ~*~*~tactically~*~*~ (stealth).
  4627 | D:4      | 4627 ||| Stepping ~*~*~tactically~*~*~ (hiding).
  4630 | D:4      | 4630 ||| Stepping ~*~*~tactically~*~*~ (hiding).
  4631 | D:4      | 4631 ||| Stepping ~*~*~tactically~*~*~ (hiding).
  4638 | D:4      | HP: 2/35 [orc priest/nerve-wracking pain (11)]
  4639 | D:4      | 4639 ||| READING scroll of teleportation.
  4639 | D:4      | Slain by an orc priest

Levels and vault maps discovered:
D:1:      erik_arrival_cave_to_civilisation [erik_arrival_cave_to_hall],
          layout_loops_ring, nicolae_ecumenical_lake_church
D:2:      layout_loops_corners, serial_shops, shop
D:3:      layout_loops_corners, nicolae_dithmenos_shadow_blocks, serial_shops,
          nicolae_shop_trees, cheibrodos_sewer_entry_sluice
D:4:      layout_cave_pools, enter_ossuary_5, uniq_grinder, uniq_edmund

Skill      XL: |  1  2  3  4  5  6 |
---------------+-------------------+-----
Axes           | 3 4 5 6 7 |  7.0
Armour         | 2 |  2.8
Fighting       | |  2.0
Throwing       | |  1.0
Dodging        | |  2.1
Spellcasting   | |  2.0
Translocations | |  2.4

Action                   |  1- 3 |  4- 6 || total
-------------------------+-------+-------++-------
Melee: Hand axe          |    52 |    36 ||    88
       Kick              |    10 |    37 ||    47
       Peck              |     7 |    18 ||    25
       Punch             |       |     2 ||     2
       War axe           |       |   118 ||   118
Throw: Boomerang         |     7 |     6 ||    13
       Javelin           |    16 |    18 ||    34
  Use: Scroll            |     2 |     7 ||     9
       Potion            |       |     2 ||     2
 Stab: Distracted        |     1 |       ||     1
       Invisible         |       |     1 ||     1
Armor: Leather armour    |     3 |       ||     3
       Plate armour      |     9 |    76 ||    85
Dodge: Dodged            |    20 |    24 ||    44

Table legend:
 A = Non-vault XP
 B = Vault XP
 C = Vault XP percentage of total XP
 D = Non-vault monster count
 E = Vault monster count
 F = Vault count percentage of total count
                 A         B        C        D         E       F
            +---------+---------+-------+---------+---------+-------
      Total |     261 |     247 |  48.6 |      72 |      29 |  28.7
            +---------+---------+-------+---------+---------+-------
        D:1 |      34 |       4 |  10.5 |      20 |       2 |   9.1
        D:2 |      63 |       0 |   0.0 |      19 |       0 |   0.0
        D:3 |     148 |       8 |   5.1 |      26 |       3 |  10.3
        D:4 |      16 |       0 |   0.0 |       7 |       0 |   0.0
      Sewer |       0 |     235 | 100.0 |       0 |      24 | 100.0
            +---------+---------+-------+---------+---------+-------
